 Dungeon Sprint DCSS version 0.20-a0-556-g892c87b (webtiles) character file.

0 dvd the Cudgeler (level 2, -2/46 HPs)
             Began as a Troll Berserker on Feb 4, 2017.
             Was a Follower of Trog.
             Killed from afar by Sigmund (10 damage)
             ... with a puff of flame
             ... in the Dungeon (Sprint VI: "Thunderdome").
             The game lasted 00:01:11 (40 turns).

dvd the Cudgeler (Troll Berserker)                    Turns: 40, Time: 00:01:12

Health: -2/46      AC:  5    Str: 34    XL:     2   Next: 3%
Magic:  1/1        EV: 11    Int:  8    God:    Trog [*.....]
Gold:   65         SH:  0    Dex: 14    Spells: 1/1 levels left

rFire    x . .     SeeInvis .   a - +0 mace
rCold    + . .     Gourm    +   b - +0 animal skin
rNeg     . . .     Faith    .   (no shield)
rPois    +         Spirit   .   (helmet restricted)
rElec    +         Reflect  .   (no cloak)
rCorr    .         Harm     .   (gloves unavailable)
MR       +....     NoTele   +   (boots unavailable)
Stlth    ..........             n - amulet of Mirth {rPois Regen+ Str+3}
Regen    1.0/turn               p - ring "Bihoxzubb" {Ice *Drain rElec Int+5}
                                o - ring of Arrival {*Corrode +Blink MR+ Str+2 Dex+5}

@: berserking, very quick
A: unfitting armour, claws 3, fast metabolism 3, gourmand, regeneration 1,
shaggy fur 1, tough skin 2
a: Berserk, Burn Spellbooks, Renounce Religion, Evoke Blink


You were in the Dungeon.
You worshipped Trog.
Trog was aware of your devotion.
You were not hungry.

You visited 1 branch You collected 200 gold pieces.
You spent 135 gold pieces at shops.

Inventory:

Hand Weapons
 a - a +0 mace (weapon)
Armour
 b - a +0 animal skin (worn)
Jewellery
 n - the amulet of Mirth (around neck) {rPois Regen+ Str+3}
   (You bought it in a shop in the Dungeon)

   [amulet of regeneration]

   It affects your strength (+3).
   It protects you from poison.
   It increases your rate of regeneration.
 o - the ring of Arrival (left claw) {*Corrode +Blink MR+ Str+2 Dex+5}
   (You bought it in a shop in the Dungeon)

   [ring of dexterity]

   It affects your strength (+2).
   It affects your dexterity (+5).
   It affects your resistance to hostile enchantments.
   It lets you blink.
   It may corrode you when you take damage.
 p - the ring "Bihoxzubb" (right claw) {Ice *Drain rElec Int+5}
   (You bought it in a shop in the Dungeon)

   [ring of ice]

   It enhances your ice magic.
   It affects your intelligence (+5).
   It makes you vulnerable to fire.
   It protects you from cold.
   It insulates you from electricity.
   It causes draining when unequipped.
Wands
 j - a wand of acid (5/15)
 k - a wand of iceblast (5/15)
Scrolls
 i - 4 scrolls of blinking
 l - 3 scrolls of fog
Potions
 d - a potion of curing
 e - 4 potions of heal wounds
 f - 4 potions of haste
 g - 2 potions of magic
 h - a potion of berserk rage
 m - a potion of resistance
Comestibles
 c - 2 bread rations


   Skills:
 + Level 3.1 Fighting
 + Level 3.5 Maces & Flails
 + Level 3.0 Dodging


You had one spell level left.
You didn't know any spells.

Dungeon Overview and Level Annotations

Branches:
Dungeon (1/1)

Altars:
Gozag
Kikubaaqudgha
Makhleb
Okawaru
Sif Muna
Yredelemnul
Lugonu

Shops:
D *[%?

Annotations:
D Sigmund


Innate Abilities, Weirdness & Mutations

You are too large for most types of armour.
You have claws for hands.
Your metabolism is lightning-fast.
You like to eat raw meat.
Your natural rate of healing is unusually fast.
You are covered in fur. (AC +1)
You have very tough skin. (AC +2)


Message History

The gnoll is lightly wounded.
The gnoll closely misses you.
You closely miss the gnoll.
The gnoll is lightly wounded.
The gnoll hits you with a halberd!
Sigmund the Dreaded comes into view.
He is wielding a scythe of protection.
Okay, then.
Unknown command.
You barely miss the gnoll.
The gnoll is lightly wounded.
The gnoll hits you with a halberd!
* * * LOW HITPOINT WARNING * * *
Unknown command.
A red film seems to cover your vision as you go berserk!
You feel yourself moving faster!
You feel mighty!
You feel a lot more hungry.
Sigmund shouts!
The gnoll closely misses you. Sigmund gestures at you while chanting.
The puff of flame hits you! The fire burns you terribly!
You die...

######.8..... ..8.#
##∩__.......# .....
###∩...@....8.# .8..
##.............###..
#⌠..........###...#
#⌠..........# #.<.#
#⌠..........###...#
##.............###.....
###∩....@...8.# .8...
##∩_._g.....# .....
######.8...... ..8.#
#⌠........ ..⌠#
###....Z....###
#_....... #_.......
....


You could see Sigmund, a gnoll and a jackal skeleton.

Vanquished Creatures
  An adder (D)
1 creature vanquished.

Notes
Turn   | Place    | Note
-------+----------+-------------------------------------------
     0 | D        | dvd the Troll Berserker began the quest for the Orb.
     0 | D        | Reached XP level 1. HP: 22/22 MP: 0/0
     1 | D        | Found a burning altar of Makhleb.
     1 | D        | Found a basalt altar of Yredelemnul.
     2 | D        | Found a corrupted altar of Lugonu.
     3 | D        | Found a deep blue altar of Sif Muna.
     3 | D        | Found an opulent altar of Gozag.
     4 | D        | Found Vugifie's Identification Station.
     4 | D        | Found an ancient bone altar of Kikubaaqudgha.
     4 | D        | Found Teacopn's Bee Food.
     5 | D        | Found Moubb's Advanced Armour.
     5 | D        | Found Fafi's Jewellery.
     5 | D        | Round 1.
     9 | D        | Found an iron altar of Okawaru.
    12 | D        | Reached XP level 2. HP: 31/31 MP: 1/1
    17 | D        | Bought an ancient pewter amulet for 45 gold pieces
    17 | D        | Identified the amulet of Mirth {rPois Regen+ Str+3} (You bought it in a shop in the Dungeon)
    18 | D        | Bought a translucent steel ring for 45 gold pieces
    18 | D        | Identified the ring of Arrival {*Corrode +Blink MR+ Str+2 Dex+5} (You bought it in a shop in the Dungeon)
    19 | D        | Bought a crude tin ring for 45 gold pieces
    19 | D        | Identified the ring "Bihoxzubb" {Ice *Drain rElec Int+5} (You bought it in a shop in the Dungeon)
    39 | D        | Noticed Sigmund
    40 | D        | Killed from afar by Sigmund

Vault maps used:
D:        arena_sprint

Skill      XL: |  1 |
---------------+----+-----
Fighting       | 3 |  3.1
Maces & Flails | 3 |  3.5
Dodging        | 3 |  3.0

Action                   || total
-------------------------++-------
Melee: Mace              ||     7
Invok: Berserk           ||     1
Armor: Animal skin       ||     1
Dodge: Dodged            ||     4
